 Dungeon Crawl Stone Soup version 0.22-a0-596-gfbd32a6 (webtiles) character file.

977 suicidejoker the Insei (level 8, 0/84 HPs)
             Began as an Octopode Monk on July 6, 2018.
             Slain by a worker ant (6 damage)
             ... on level 5 of the Dungeon.
             The game lasted 00:08:20 (3301 turns).

suicidejoker the Insei (Octopode Monk)              Turns: 3301, Time: 00:08:21

Health: 0/84       AC:  1    Str: 18    XL:     8   Next: 17%
Magic:  8/8        EV: 17    Int: 18    God:
Gold:   229        SH:  0    Dex: 18    Spells: 7/7 levels left

rFire    + + .     SeeInvis .     - Unarmed
rCold    + + .     Gourm    .   (no shield)
rNeg     + . .     Faith    .   (helmet restricted)
rPois    +         Spirit   .   d - amulet of rage
rElec    +         Reflect  .   l - +6 ring of intelligence
rCorr    +         Harm     .   m - +4 ring of dexterity
MR       .....                  n - ring of positive energy
Stlth    ..........             p - ring of protection from fire
HPRegen  0.24/turn              (no ring)
MPRegen  0.11/turn              (no ring)
                                (no ring)
                                (no ring)

@: berserking, resistant, very slightly contaminated, hasted, invisible, very
quick
A: almost no armour, stealthy swim, amphibious, 8 rings, constrict 8, camouflage
1, cold resistance 1, gelatinous body 1, MP-powered wands
a: Evoke Berserk Rage


You were on level 5 of the Dungeon.
You were hungry.

You visited 1 branch of the dungeon, and saw 5 of its levels.

You collected 229 gold pieces.

Inventory:

Missiles
 o - a throwing net (quivered)
 t - 39 poisoned needles
 v - 4 poisoned tomahawks
 w - 3 curare-tipped needles
Jewellery
 d - an amulet of rage (around mantle)
 l - a +6 ring of intelligence (left tentacle)
 m - a +4 ring of dexterity (right tentacle)
 n - a ring of positive energy (on tentacle)
 p - a ring of protection from fire (on tentacle)
Wands
 y - a wand of acid (10)
Scrolls
 b - 5 scrolls of identify
 c - a scroll of fear {unknown}
 e - 8 scrolls of remove curse {unknown}
 g - 3 scrolls of immolation {unknown}
 h - a scroll of enchant weapon {unknown}
 j - 2 scrolls of noise {unknown}
 k - 2 scrolls of amnesia {unknown}
 s - a scroll of enchant armour {unknown}
 u - 3 scrolls of teleportation {unknown}
 x - a scroll of fog {unknown}
Comestibles
 a - 7 rations
 A - a chunk of flesh


   Skills:
 + Level 5.4 Fighting
 + Level 5.4 Dodging
 - Level 2.6 Stealth
 * Level 7.2 Unarmed Combat


You had 7 spell levels left.
You didn't know any spells.
Your spell library was empty.

Dungeon Overview and Level Annotations

Branches:
Dungeon (5/15)
 Temple: D:4-7

Altars:
Sif Muna
Trog


Innate Abilities, Weirdness & Mutations

You cannot wear most types of armour.
You are very stealthy in the water. (Stealth+)
You are amphibious.
You can wear up to eight rings at the same time.
You can use your tentacles to constrict eight enemies at once.
Your skin changes colour to match your surroundings (Stealth+).
Your rubbery body absorbs attacks. (AC +1, EV +1)
Your flesh is cold resistant. (rC+)
You expend magic power (3 MP) to strengthen your wands.


Message History

It was a potion of haste.
You feel yourself speed up. The hound skeleton bites you.
* * * LOW HITPOINT WARNING * * *
The worker ant misses you. The hound skeleton closely misses you.
Okay, then.
You aren't carrying any potions.
You fail to use your ability.
The centaur unwields an uncursed shortbow.
The centaur closely misses you.
A red film seems to cover your vision as you go berserk!
You feel yourself moving faster!
You feel mighty!
You are feeling hungry.
The hound skeleton completely misses you.
The worker ant closely misses you. The centaur hits you!
* * * LOW HITPOINT WARNING * * *
You strike the helpless centaur from behind!
You bludgeon the centaur! Your squeeze misses the centaur.
The centaur is heavily wounded.
The hound skeleton closely misses you. The worker ant bites you.
You die...

#......#..#........
#..$...#c.h...#.#.#
#.†....#..........#
#(..c..#..#..<...##
#.....c.)...#......
#......##...#h#>...
#(#.......#...####.
#Z##.#...#..#..###.
#(@ah#......#......
###..##.... #......
#.c##....##..###.
#...##.. #.......
#...##..##..###..
#....# #........
#....####........
#.....##.........
#.#...##.....###.


You could see a black bear, a centaur, a worker ant and a hound skeleton.

Vanquished Creatures
  A phantom (D:4)
  5 ogres
  A scorpion (D:4)
  A hound (D:5)
  An orc priest (D:4)
  Terence (D:3)
  3 orc wizards (D:4)
  2 worker ants
  A hound skeleton (D:4)
  5 gnolls
  3 adders
  An ooze (D:4)
  An adder skeleton (D:4)
  2 adder zombies
  A worm (D:4)
  5 leopard geckos
  9 orcs
  11 bats
  7 giant cockroaches
  4 goblins
  5 hobgoblins
  7 jackals
  9 kobolds
  A ball python (D:3)
  4 frilled lizards
  A leopard gecko skeleton (D:4)
  4 rats
  A fungus (D:1)
97 creatures vanquished.

Vanquished Creatures (others)
  A wizard (D:4)
1 creature vanquished.

Grand Total: 98 creatures vanquished

Notes
Turn   | Place    | Note
-------+----------+-------------------------------------------
     0 | D:1      | suicidejoker the Octopode Monk began the quest for the Orb.
     0 | D:1      | Reached XP level 1. HP: 16/16 MP: 1/1
   345 | D:1      | Reached XP level 2. HP: 19/21 MP: 2/2
   649 | D:1      | Reached XP level 3. HP: 26/26 MP: 3/3
  1028 | D:2      | Found a deep blue altar of Sif Muna.
  1312 | D:3      | Reached skill level 4 in Unarmed Combat
  1312 | D:3      | Reached XP level 4. HP: 31/31 MP: 4/4
  1421 | D:3      | Noticed Terence
  1439 | D:3      | Killed Terence
  1439 | D:3      | Reached XP level 5. HP: 27/37 MP: 5/5
  2015 | D:4      | Noticed an ogre
  2027 | D:4      | Killed an ogre
  2027 | D:4      | Reached skill level 5 in Unarmed Combat
  2027 | D:4      | Reached XP level 6. HP: 39/43 MP: 6/6
  2270 | D:4      | Found a bloodstained altar of Trog.
  2271 | D:4      | Noticed a wizard
  2278 | D:4      | Killed a wizard
  2328 | D:4      | Noticed a phantom
  2350 | D:4      | Reached XP level 7. HP: 49/49 MP: 7/7
  2423 | D:4      | Reached skill level 6 in Unarmed Combat
  2840 | D:4      | Reached skill level 5 in Fighting
  2840 | D:4      | Reached skill level 5 in Dodging
  2951 | D:4      | You fall through a shaft!
  2951 | D:5      | Entered Level 5 of the Dungeon
  2965 | D:5      | Reached XP level 8. HP: 55/55 MP: 8/8
  3004 | D:4      | Reached skill level 7 in Unarmed Combat
  3295 | D:5      | Gained mutation: Your flesh is cold resistant. (rC+) [potion of mutation]
  3295 | D:5      | Gained mutation: You expend magic power (3 MP) to strengthen your wands. [potion of mutation]
  3301 | D:5      | Slain by a worker ant

Vault maps used:
D:1:      dpeg_cavernosity, minmay_misc_feat_square
D:2:      lemuel_round_altar, first_ration
D:3:      nicolae_overflow_hidden_temple, uniq_terence
D:4:      trog_wizard
D:5:      yredelemnul_altar_generic, minmay_temple_entry_steel_oval,
          minmay_misc_feat_x, minivault_11

Skill      XL: |  1  2  3  4  5  6  7  8 |
---------------+-------------------------+-----
Unarmed Combat | 4 5 6 7 |  7.2
Dodging        | 4 5 |  5.4
Fighting       | 4 5 |  5.4
Stealth        | |  2.6

Action                   |  1- 3 |  4- 6 |  7- 9 || total
-------------------------+-------+-------+-------++-------
Melee: Unarmed           |    95 |    77 |    51 ||   223
       Tentacles         |    19 |    24 |     8 ||    51
       Constrict         |    25 |    25 |    11 ||    61
       Punch             |       |     3 |       ||     3
 Abil: Evoke Berserk Rag |     2 |     4 |     4 ||    10
  Use: Potion            |     1 |       |     5 ||     6
       Scroll            |     1 |       |       ||     1
 Stab: Sleeping          |    13 |     5 |     3 ||    21
       Distracted        |     1 |       |       ||     1
       Invisible         |       |       |     1 ||     1
  Eat: Chunk             |     2 |     4 |     4 ||    10
       Ration            |       |     1 |     1 ||     2
Armor: Skin              |     7 |     3 |     1 ||    11
Dodge: Dodged            |    54 |    60 |    37 ||   151

Table legend:
 A = Spawn XP
 B = Non-spawn XP
 C = Spawn XP percentage of total XP
 D = Spawn monster count
 E = Non-spawn monster count
 F = Spawn count percentage of total count
 G = Total turns spent on level
                    A         B        C        D         E        F      G
               +---------+---------+-------+---------+---------+-------+---------
         Total |       0 |    1396 |   0.0 |       0 |      96 |   0.0 |  3301
               +---------+---------+-------+---------+---------+-------+---------
           D:1 |       0 |      56 |   0.0 |       0 |      23 |   0.0 |   837
           D:2 |       0 |      22 |   0.0 |       0 |      14 |   0.0 |   456
           D:3 |       0 |     162 |   0.0 |       0 |      28 |   0.0 |   590
           D:4 |       0 |     939 |   0.0 |       0 |      26 |   0.0 |  1192
           D:5 |       0 |     217 |   0.0 |       0 |       5 |   0.0 |   226
               +---------+---------+-------+---------+---------+-------+---------
